Unix xNetHack Version 8.0.0 - last build Mar 23 2024 02:42:02 (1964348d4f5f1cf1067ea9968e02252fcc83c468). Game began 2024-04-27 20:37:46, ended 2024-04-28 12:23:35. Okoto, chaotic female elven Wizard ################[##################### #----------------------.---------- ## #|..........)....................- ## #|..-----..-|-----.-----....----.| ----- #|..|(((|..|..|..|.|...|.---|. |.| |...| #|..|(..|..|..|..-.|._.|.|((|. |.| |....# #|..|..(|.--------.-...|.|!.||--.| |...|# #|..--|--.|/*.-....|...|.|..|....| |...-########|........|.[.|....|----.-|--..{.. |[..| # |.-----..-----.-|-|..-.)........| ----- ###### |.|.%.-~)g@....|..|. |..-|--....| ##-.|...|....---||..|----.|..|-|-.| |.-----.---|...|--|.*.-.|..|..|.| |.......|..|(.(|..|%.!|.---|..|.| |.......-..|((.|..|[.[|....|..|.| |.{.....--------|------....----.| |...............................| --------------------------------- Okoto the Thaumaturge St:15 Dx:14 Co:15 In:19 Wi:10 Ch:13 Chaotic S:25560 Dlvl:8 $:6712 HP:0(55) Pw:21(88) AC:1 Xp:9/4433 T:16398 Strained Latest messages: The magic missile bounces! What do you want to zap? [biL or ?*] i A pony suddenly appears next to you! In what direction? 9 You kill the pony! The magic missile bounces! You see here a pony corpse. You have much trouble lifting a pony corpse. Continue? [ynq] (q) y n - a pony corpse {1300}. You stagger under your heavy load. Movement is very hard. Where do you want to travel to? (For instructions type a '?') Unknown direction: 'i' (use '4', '2', '8', '6' or '.'). You hear water falling on coins. The gargoyle misses! The gargoyle claws you! The gargoyle just misses! The gargoyle claws you! The gargoyle claws you! The gargoyle bites! The gargoyle claws you! The gargoyle claws you! The gargoyle bites! You hear someone beseeching Anhur. In what direction? 6 The gargoyle vanishes! In what direction? s You feel much better. In what direction? s You feel much better. You are now wearing a blindfold. You can't see any more. What do you want to take off? [BCH or ?*] q You were wearing an uncursed blindfold {2}. You can see again. There are several objects here. You miss the gargoyle. The gargoyle claws you! The gargoyle hits! The gargoyle bites! The gargoyle claws you! The gargoyle claws you! The gargoyle bites! The gargoyle claws you! You die... Do you want your possessions identified? [ynq] (y) y Do you want to see your attributes? [ynq] (y) n Do you want an account of creatures vanquished? [ynaq] (y) n Do you want to see your conduct and achievements? [ynq] (y) n Do you want to see the dungeon overview? [ynq] (y) n Inventory: Inventory: 1904/800 weight (22/52 slots) Coins $ - 6712 gold pieces {67} Weapons l - 8 +0 arrows {8} a - a blessed +1 quarterstaff (weapon in hands) {40} Armor H - an uncursed +0 dwarvish helm (being worn) {30} B - a blessed +1 pair of mithril dwarvish boots (being worn) {24} C - an uncursed burnt +0 cloak of magic resistance (being worn) {8} A - an uncursed +0 leather studded armor (being worn) {150} Comestibles Z - an uncursed C-ration {10} K - 4 uncursed food rations {80} j - 2 uncursed lichen corpses {40} T - 3 uncursed lizard corpses {30} n - an uncursed pony corpse {1300} Potions g - an uncursed potion of healing {20} Rings m - an uncursed ring of polymorph control (on right hand) {3} I - an uncursed ring of slow digestion (on left hand) {2} Wands i - a wand of create monster (0:7) {7} L - a wand of polymorph (0:4) {7} b - a wand of teleportation (0:6) {7} Tools p - an uncursed leather bag of holding containing 10 items {46} q - an uncursed blindfold {2} w - a magic marker (0:69) {2} J - a +0 unicorn horn {20} Gems/Stones R - an uncursed worthless piece of orange glass {1} Contents of the leather bag of holding: an uncursed slime mold 3 uncursed carrots an uncursed cream pie an uncursed partly eaten food ration an uncursed lembas wafer an uncursed orange an uncursed pear an uncursed egg an uncursed scroll of gold detection a cursed ring of aggravate monster Okoto the Wizard's attributes: Background: You were a Thaumaturge, a level 9 female elven Wizard. You were chaotic, on a mission for Anhur who was opposed by Ptah (lawful) and Thoth (neutral). You were heterosexual. You were in the Gnomish Mines, on level 8. You entered the dungeon 16398 turns ago. You had 4433 experience points, 687 more were needed to attain level 10. Your score was 25560 before end-of-game adjustments. Basics: You had 0 out of 55 hit points. You had 21 out of 88 energy points (spell power). Your armor class was 1. Your wallet contained 6712 zorkmids. Autopickup was off. Final Characteristics: Your strength was 15 (limit:18). Your dexterity was 14 (limit:18). Your constitution was 15 (limit:16). Your intelligence was 19 (limit:20). Your wisdom was 10 (limit:20). Your charisma was 13 (limit:18). Final Status: You were not hungry. You were strained; movement was very slowed. You were wielding a quarterstaff. You had expert skill with quarterstaff. Final Attributes: You were piously aligned. You were magic-protected. You were cold resistant. You were sleep resistant. You were telepathic. You had infravision. You had slower digestion. You were warded. You had polymorph control. You were harmed by iron. Anhur was angry with you. You are dead. Miscellaneous: You never encountered a bones level. Total elapsed playing time was 4 hours, 28 minutes and 11 seconds. Major events: Turn 1: Okoto the chaotic female elven Wizard entered the dungeon 1023: attained the rank of Conjurer (level 3) 3359: entered the Gnomish Mines 3467: attained the rank of Thaumaturge (level 6) 7791: entered Sokoban 8755: completed 1st Sokoban level 10302: completed 2nd Sokoban level 10939: completed 3rd Sokoban level 12294: completed 4th Sokoban level 12917: acquired the Sokoban bag of holding 16398: killed by a gargoyle Vanquished creatures: 2 giant mimics a stalker a sergeant 2 winter wolves 8 small mimics a warhorse a sasquatch a pyrolisk a large cat a tiger 2 gargoyles an ochre jelly 2 ettin zombies 2 watchmen 2 crocodiles a giant beetle a quivering blob 4 cockatrices 2 wolves a winter wolf cub 2 spotted jellies a leprechaun 2 mountain nymphs 2 iron piercers a giant spider an ice vortex a gnome ruler a rust monster an owlbear 2 yetis a werewolf 3 lizards a dingo a dog 2 jaguars 2 dwarf leaders a water nymph 2 white unicorns 2 dust vortices a raven 3 snakes a human zombie 4 soldier ants an imp 2 bugbears 6 rock piercers 4 ponies a fog cloud a yellow light a shrieker 2 violet fungi 6 gnome leaders 5 gnomish wizards a kobold mummy 2 gray oozes a straw golem a paper golem 7 giant ants 2 little dogs 6 floating eyes a kitten 11 dwarves a homunculus a kobold leader 2 kobold shamans a rabid rat a giant bat 2 monkeys an orc zombie a wererat 7 iguanas 3 killer bees 2 gas spores 3 hobbits a manes a large kobold 7 hobgoblins 3 brown molds 4 yellow molds a green mold a red mold 34 gnomes 2 garter snakes 6 geckos 8 jackals 3 kobolds 6 goblins 3 sewer rats 6 grid bugs a bat 11 lichens 3 kobold zombies 9 newts 271 creatures vanquished. No species were genocided or became extinct. Voluntary challenges: You read items or engraved 10 times. You never genocided any monsters. You never polymorphed an object. You never touched an artifact. You used no wishes. You were celibate. You never generated conflict. You violated the special Sokoban rules 4 times. Achievements: You attained the rank of Conjurer. You entered a shop. You entered the Gnomish Mines. You attained the rank of Thaumaturge. You entered a temple. You entered Sokoban. You completed Sokoban. Dungeon overview: The Dungeons of Doom: levels 1 to 10 Level 1: Some fountains. Level 2: Level 3: A fountain. Level 4: A general store. Stairs down to The Gnomish Mines. Level 5: A tool shop. Level 6: Some fountains. Level 7: A potion shop. Level 8: Many fountains, many trees. Oracle of Delphi. Level 9: Stairs up to Sokoban, level 8. Level 10: The Gnomish Mines: levels 5 to 8 Level 5: Level 6: Level 7: Level 8: <- You were here. Many shops, a temple to Anhur, some fountains. Final resting place for you, killed by a gargoyle. Sokoban: levels 8 up to 5 Level 5: Solved. Level 6: Solved. Level 7: Solved. Level 8: Solved. Game over: __________ / \ / REST \ / IN \ / PEACE \ / \ | Okoto | | 6712 Au | | killed by a | | gargoyle | | | | | | 2024 | *| * * * | * _________)/\\_//(\/(/\)/\//\/|_)_______ Goodbye Okoto the Wizard... You died in The Gnomish Mines on dungeon level 8 with 24889 points, and 6712 pieces of gold, after 16398 moves. You were level 9 with a maximum of 55 hit points when you died.